 Dungeon Crawl Stone Soup version 0.31-a0-844-gdc52ec4e09 (webtiles) character file.

Game seed: 6315815042945228869

13 lonewolfV2 the Shield-Bearer (level 2, -4/24 HPs)
             Began as a Formicid Fighter on Sept 29, 2023.
             Killed by nerve-wracking pain
             ... invoked by an orc priest
              (11 damage)
             ... on level 3 of the Dungeon.
             The game lasted 00:00:42 (406 turns).

lonewolfV2 the Shield-Bearer (Formicid Fighter)      Turns: 406, Time: 00:00:42

Health: -4/24      AC:  6    Str: 20    XL:     2   Next: 50%
Magic:  2/2        EV:  9    Int:  7    God:
Gold:   24         SH:  5    Dex: 13    Spells: 1/1 levels left

rFire   . . .        a - +0 trident
rCold   . . .        c - +0 buckler
rNeg    . . .        b - +0 scale mail
rPois   .            (helmet unavailable)
rElec   .            (no cloak)
rCorr   .            (no gloves)
SInv    +            (no boots)
Will    .....        (no amulet) Stlth
                     (no ring)
HPRegen 0.24/turn    (no ring)
MPRegen 0.08/turn

%: no passive effects
@: no status effects
A: permanent stasis, dig shafts and tunnels, antennae 3, four strong arms
a: Dig, Shaft Self


You were on level 3 of the Dungeon.
You visited 1 branch of the dungeon, and saw 3 of its levels.

You collected 24 gold pieces.

Inventory:

Hand Weapons
 a - a +0 trident (weapon)
Armour
 b - a +0 scale mail (worn)
 c - a +0 buckler (worn)
Scrolls
 e - a scroll of noise {unknown}
 g - a scroll of blinking {unknown}
Potions
 d - a potion of might
 f - a potion of curing {unknown}


   Skills:
 + Level 3.4 Fighting
 + Level 2.1 Polearms
 + Level 3.6 Armour
 + Level 4.3 Shields


You had one spell level left.
You didn't know any spells.
Your spell library was empty.

Dungeon Overview and Level Annotations

Branches:
Dungeon (3/15)

Altars:


Innate Abilities, Weirdness & Mutations

You cannot be hasted, slowed, berserked, paralysed or teleported.
You can dig through walls and to a lower floor.
You have a pair of large antennae on your head. (SInv)
Your four strong arms can wield two-handed weapons with a shield.


Message History

The adder bites you but does no damage. x2; The orc closely misses you.
The adder misses you. You block the orc's attack.
The adder bites you but does no damage.
An orc priest comes into view. It is wielding a +0 morningstar.
The orc priest shouts!
You hear a shout!
The adder attacks as it pursues you! The adder bites you but does no damage.
You block the adder's attack. The orc barely misses you.
An orc comes into view. It is wielding a +1 mace of holy wrath.
You block the adder's attack.
You hear a shout!
You hit the adder but do no damage.
The adder bites you but does no damage. x2
You block the orc's attack.
A frilled lizard comes into view.
You miss the adder. You block the adder's attack.
The adder bites you but does no damage. The orc closely misses you.
The adder bites you but does no damage. The adder barely misses you.
You miss the adder. The adder bites you but does no damage.
The orc hits you but does no damage.
An orc comes into view. It is wielding a +0 dagger.
The adder bites you but does no damage.
You miss the adder. The adder bites you but does no damage.
The adder bites you. The orc misses you. You block the adder's attack.
The adder barely misses you.
You hit the adder.
The adder is heavily wounded.
The orc hits you with a +0 short sword. The adder bites you but does no damage.
An orc comes into view. It is wielding a +0 war axe.
The adder completely misses you. The orc hits you with a +0 short sword.
The adder bites you but does no damage.
The orc hits you with a +1 mace of holy wrath.
The orc shouts!
You hit the adder.
The adder is severely wounded.
The adder closely misses you. The adder bites you but does no damage.
The adder barely misses you. You block the orc's attack.
The orc hits you with a +1 mace of holy wrath.
* * * LOW HITPOINT WARNING * * *
The orc priest mumbles some strange prayers to Beogh against you.
Pain shoots through your body!
You die...

...# #..# #..# {
#..# #####..#
...#..####..
#.#.o.....#
#bS@o####.
...###.Sol..o...
#>......######.o
#.##.##.# ,
#.#.#.# #..# #.#
...# #.# ....#
#.# .... ##


You could see an orc priest, 2 adders, 4 orcs, a bat and a frilled lizard.

Vanquished Creatures
  An adder (D:3)
  2 endoplasms (D:1)
  A ball python (D:2)
  A kobold (D:1)
5 creatures vanquished.

Notes
Turn   | Place    | Note
-------+----------+-------------------------------------------
     0 | D:1      | lonewolfV2 the Formicid Fighter began the quest for the
                  | Orb.
     0 | D:1      | Reached XP level 1. HP: 18/18 MP: 1/1
   391 | D:3      | Reached XP level 2. HP: 14/24 MP: 2/2
   406 | D:3      | Killed from afar by an orc priest

Illustrated notes

Levels and vault maps discovered:
D:1:      ebering_trefoil_twist, layout_basic
D:2:      layout_basic, corexii_shack, minmay_3d_cube
D:3:      layout_loops_ring, mainiacjoe_overflow_alcove_1,
          cheibrodos_sewer_entry_sluice, grunt_ministairs_7,
          chequers_hall_statues_wall_a, dreamdust_mushroom_princess

Action                     || total
---------------------------++-------
  Melee: Trident           ||    22
 Armour: Scale mail        ||    38
  Dodge: Dodged            ||    22
  Block: Buckler           ||    22

Table legend: (Time is in decaauts)
 A = Elapsed time spent in this place.
 B = Non-inter-level travel time spent in this place.
 C = Inter-level travel time spent in this place.
 D = Time resting spent in this place.
 E = Time spent auto-exploring this place.
 F = Levels seen in this place.
 G = Mean time per level.
                   A        B        C        D        E       F      G
               +--------+--------+--------+--------+--------+-----+--------+
         Total |    410 |    410 |      0 |      0 |    314 |   3 |  136.7 |
       Dungeon |    410 |    410 |      0 |      0 |    314 |   3 |  136.7 |
               +--------+--------+--------+--------+--------+-----+--------+

Top non-repeatable levels by time:
     D:1: 324 daAuts
     D:2: 64 daAuts
     D:3: 22 daAuts
